 Dungeon Sprint DCSS version 0.20.1-1-g8b1a95d (webtiles) character file.

658 potatolord6000 the Fighter (level 7, -1/72 HPs)
             Began as a Hill Orc Monk on Sept 7, 2017.
             Was the Champion of Beogh.
             Slain by a warg (12 damage)
             ... in the Dungeon (Sprint VII: "The Pits").
             The game lasted 00:03:38 (659 turns).

potatolord6000 the Fighter (Hill Orc Monk)           Turns: 659, Time: 00:03:39

Health: -1/72      AC:  9    Str: 16    XL:     7   Next: 55%
Magic:  11/14      EV: 11    Int: 10    God:    Beogh [******]
Gold:   0          SH:  0    Dex: 13    Spells: 6/6 levels left

rFire    . . .     SeeInvis .   j - +4 great sword
rCold    . . .     Gourm    .   (shield currently unavailable)
rNeg     . . .     Faith    .   p - +3 ring mail
rPois    .         Spirit   .   (no helmet)
rElec    .         Reflect  .   (no cloak)
rCorr    .         Harm     .   (no gloves)
MR       .....     NoTele   +   (no boots)
Stlth    +.........             (no amulet)
Regen    0.3/turn               (no ring)
MPRegen  0.2/turn               (no ring)

@: no status effects
A: walk on water
a: Smiting, Recall Orcish Followers, Give Item to Named Follower, Resurrection,
Renounce Religion


You were in the Dungeon.
You worshipped Beogh.
Beogh was exalted by your worship.
You were not hungry.

You visited 1 branch

Inventory:

Hand Weapons
 j - a +4 great sword (weapon)
Armour
 p - a +3 ring mail (worn)
Scrolls
 i - a scroll of blinking
 k - 3 scrolls of remove curse
 l - 5 scrolls of amnesia
 m - a scroll of summoning
Potions
 a - 2 potions of invisibility
 d - 6 potions of curing
 f - a potion of haste
 g - 4 potions of magic
 h - 3 potions of berserk rage
Comestibles
 c - 8 bread rations
 n - 40 fruits
 o - 7 meat rations


   Skills:
 + Level 10.2 Fighting
 + Level 9.4 Long Blades
 + Level 8.7 Armour
 - Level 2.4 Dodging
 - Level 1.5 Stealth
 + Level 10.1 Invocations


You had 6 spell levels left.
You didn't know any spells.

Dungeon Overview and Level Annotations

Branches:
Dungeon (1/1)

Altars:
Ashenzari
Cheibriados
Dithmenos
Elyvilon
Fedhas
Gozag
Hepliaklqana
Kikubaaqudgha
Makhleb
Nemelex Xobeh
Okawaru
Qazlal
Ru
Sif Muna
Trog
Uskayaw
Vehumet
Xom
Yredelemnul
Zin
The Shining One
Beogh
Jiyva
Lugonu


Message History

You miss the warg. The warg barely misses you. The warg bites you!
Unknown command.
You hit the warg.
The warg is lightly wounded.
The warg closely misses you. The warg bites you!
Unknown command.
You hit the warg.
The warg is moderately wounded.
The warg bites you!
* * * LOW HITPOINT WARNING * * *
Unknown command.
Aiming: Smiting
Press: ? - help, Dir - move target cursor, f - warg Smite: a warg (moderately wounded)
You smite the warg!
The warg is almost dead.
The warg bites you.
* * * LOW HITPOINT WARNING * * *
The warg bites you!
You die...

#.#........##.......#
#)#........##.......#
#)###########.......#
#..#.#.##.. #########
#).)÷...#.#
##.#.#.##.#
#.)÷)...#'#
##)#.#.##h+
#.......#@#
##.#.#..).#
##########


You could see a warg.

Vanquished Creatures
  A yak (D)
  A porcupine (D)
  A phantom (D)
  A big kobold (D)
  A bullfrog (D)
  3 wights (D)
  An orc priest (D)
  An orc wizard (D)
  An adder (D)
  An ooze (D)
  A leopard gecko (D)
  An orc (D)
  A ball python (D)
  A giant cockroach (D)
  2 hobgoblins (D)
  2 jackals (D)
  2 bats (D)
  2 frilled lizards (D)
  A rat (D)
25 creatures vanquished.

Vanquished Creatures (others)
  An orc wizard (D)
  An orc (D)
2 creatures vanquished.

Grand Total: 27 creatures vanquished

Notes
Turn   | Place    | Note
-------+----------+-------------------------------------------
     0 | D        | potatolord6000 the Hill Orc Monk began the quest for the Orb.
     0 | D        | Reached XP level 1. HP: 19/19 MP: 1/1
    14 | D        | Reached skill level 1 in Armour
    44 | D        | Found a bloodstained altar of Trog.
    44 | D        | Found a deep blue altar of Sif Muna.
    44 | D        | Found a viscous altar of Jiyva.
    44 | D        | Found a hazy altar of Hepliaklqana.
    44 | D        | Found an opulent altar of Gozag.
    45 | D        | Found a glowing golden altar of the Shining One.
    45 | D        | Found a glowing silver altar of Zin.
    45 | D        | Found a basalt altar of Yredelemnul.
    45 | D        | Found a shimmering altar of Xom.
    45 | D        | Found a sacrificial altar of Ru.
    45 | D        | Found a stormy altar of Qazlal.
    45 | D        | Found an iron altar of Okawaru.
    45 | D        | Found a sparkling altar of Nemelex Xobeh.
    45 | D        | Found a burning altar of Makhleb.
    45 | D        | Found a blossoming altar of Fedhas.
    45 | D        | Found a white marble altar of Elyvilon.
    45 | D        | Found a shadowy altar of Dithmenos.
    45 | D        | Found a snail-covered altar of Cheibriados.
    47 | D        | Found a radiant altar of Vehumet.
    47 | D        | Found a corrupted altar of Lugonu.
    47 | D        | Found a roughly hewn altar of Beogh.
    49 | D        | Found an ancient bone altar of Kikubaaqudgha.
    49 | D        | Found a hide-covered altar of Uskayaw.
    49 | D        | Found a shattered altar of Ashenzari.
    57 | D        | Became a worshipper of Beogh the Brigand
    57 | D        | Reached * piety under Beogh
    57 | D        | Reached ** piety under Beogh
    81 | D        | Reached skill level 1 in Invocations
    85 | D        | Reached *** piety under Beogh
    91 | D        | Reached XP level 2. HP: 17/28 MP: 2/2
   222 | D        | Reached **** piety under Beogh
   301 | D        | Noticed a wight
   302 | D        | Noticed a wight
   302 | D        | Noticed a wight
   311 | D        | Killed a wight
   311 | D        | Reached skill level 5 in Fighting
   311 | D        | Reached skill level 5 in Long Blades
   311 | D        | Reached XP level 3. HP: 27/37 MP: 3/6
   326 | D        | Reached ***** piety under Beogh
   326 | D        | Reached XP level 4. HP: 42/44 MP: 4/7
   334 | D        | Reached skill level 5 in Armour
   334 | D        | Reached skill level 5 in Invocations
   334 | D        | Reached XP level 5. HP: 22/51 MP: 5/9
   357 | D        | Noticed a porcupine
   368 | D        | HP: 2/53 [porcupine's spines (12)]
   371 | D        | Killed a porcupine
   371 | D        | Reached XP level 6. HP: 10/62 MP: 10/12
   633 | D        | Noticed a yak
   636 | D        | Killed a yak
   636 | D        | Reached XP level 7. HP: 49/71 MP: 12/14
   639 | D        | Noticed a warg
   654 | D        | Reached ****** piety under Beogh
   654 | D        | Reached skill level 10 in Fighting
   655 | D        | Reached skill level 10 in Invocations
   659 | D        | Slain by a warg

Skill      XL: |  1  2  3  4  5  6  7 |
---------------+----------------------+-----
Armour         | 2 3 4 5 6 8 |  8.7
Fighting       | 4 5 6 8 9 10 | 10.2
Invocations    | 1 4 5 8 9 10 | 10.1
Long Blades    | 5 6 7 8 9 |  9.4
Dodging        | |  2.4
Stealth        | |  1.5

Action                   |  1- 3 |  4- 6 |  7- 9 || total
-------------------------+-------+-------+-------++-------
Melee: Falchion          |    18 |       |       ||    18
       Long sword        |    15 |    25 |       ||    40
       Great sword       |       |     5 |    18 ||    23
Invok: Smiting           |       |     1 |     1 ||     2
  Use: Potion            |     4 |     2 |       ||     6
 Stab: Sleeping          |     1 |       |       ||     1
Armor: Robe              |     6 |       |       ||     6
       Ring mail         |     9 |     7 |     9 ||    25
Dodge: Dodged            |    36 |    14 |    20 ||    70
       Rpst.: Falchion   |     7 |       |       ||     7
       Long sword        |     5 |     5 |       ||    10
       Great sword       |       |     1 |     8 ||     9
